 Dungeon Crawl Stone Soup version 0.30.1-1-g62c8e00024 (webtiles) character file.

Game seed: 1865298253777502130

67 tizbic2 the Shooter (level 4, -13/33 (34) HPs)
             Began as a Formicid Hunter on July 16, 2023.
             Mangled by a red devil
             ... wielding a +0 trident
              (21 damage)
             ... on level 1 of the Abyss.
             The game lasted 00:07:14 (969 turns).

tizbic2 the Shooter (Formicid Hunter)                Turns: 969, Time: 00:07:15

HP:   -13/33 (34)   AC:  8    Str: 17    XL:     4   Next: 40%
MP:   4/4           EV: 10    Int:  9    God:
Gold: 147           SH:  0    Dex: 17    Spells: 3/3 levels left

rFire   + . .        a - +0 shortbow
rCold   . . .        (no shield)
rNeg    . . .        f - +2 scale mail {rF+}
rPois   .            (helmet unavailable)
rElec   .            (no cloak)
rCorr   .            (no gloves)
SInv    +            (no boots)
Will    .....        (no amulet)
Stlth   +            (no ring)
HPRegen 0.25/turn    (no ring)
MPRegen 0.09/turn

%: no passive effects
@: lightly drained
A: permanent stasis, dig shafts and tunnels, antennae 3, four strong arms
a: Dig, Shaft Self


You were on level 1 of the Abyss.
You visited 1 branch of the dungeon, and saw 3 of its levels.
You visited the Abyss 1 time.

You collected 147 gold pieces.

Inventory:

Hand Weapons
 a - a +0 shortbow (weapon)
Armour
 f - a +2 scale mail of fire resistance (worn)
Scrolls
 b - a scroll of immolation
 d - a scroll of identify
 h - 2 scrolls of noise {unknown}
 i - a scroll of teleportation {unknown}
 j - a scroll of vulnerability {unknown}
 k - a scroll of fear {unknown}
 m - a scroll of poison {unknown}
Potions
 c - 2 potions of lignification {unknown}
 e - a potion of heal wounds
 g - a potion of ambrosia {unknown}
 l - a potion of flight {unknown}
 n - a potion of resistance {unknown}


   Skills:
 + Level 2.9 Fighting
 * Level 4.8 Ranged Weapons
 + Level 1.7 Armour
 - Level 1.7 Dodging
 - Level 1.2 Stealth
 + Level 0.8 Invocations


You had 3 spell levels left.
You didn't know any spells.
Your spell library was empty.

Dungeon Overview and Level Annotations

Branches:
Dungeon (3/15)

Altars:

Annotations:
D:3 Robin


Innate Abilities, Weirdness & Mutations

You cannot be hasted, slowed, berserked, paralysed or teleported.
You can dig through walls and to a lower floor.
You have a pair of large antennae on your head. (SInv)
Your four strong arms can wield two-handed weapons with a shield.


Message History

You shoot an arrow. The arrow hits the hobgoblin!
You kill the hobgoblin!
Robin closely misses you.
You shoot an arrow. The arrow barely misses Robin.
Robin hits you but does no damage. Robin completely misses you.
You shoot an arrow. The arrow hits Robin.
Robin is almost dead.
Robin hits you but does no damage.
You are cast into the Abyss!
This branch contains the abyssal rune of Zot.
Beware, you cannot shaft yourself on this level.
You retract your mandibles.
A red devil comes into view. It is wielding a +0 trident.
A white imp comes into view.
The white imp gestures at you. The puff of frost hits you.
You enter the shallow water.
Moving in this stuff is going to be slow.
The white imp gestures at you. The puff of frost hits you!
The red devil hits you but does no damage.
The red devil completely misses you.
A rakshasa comes into view. It is wielding a +0 long sword.
The red devil barely misses you.
The white imp hits you but does no damage.
The white imp gestures at you. The puff of frost hits you.
The rakshasa weaves an illusion.
The red devil hits you but does no damage.
The white imp attacks as you move away! The white imp barely misses you.
The rakshasa weaves an illusion.
The white imp shimmers and seems to become two!
The white imp attacks as you move away! The white imp closely misses you.
A small abomination comes into view.
The white imp gestures at you. The puff of frost hits you.
* * * LOW HITPOINT WARNING * * *
The red devil hits you from afar with a +0 trident!!
Ouch! That really hurt!
You die...

. ..# ##. ....###
###....
.......#######........
.......@.5...R........
......................
......⌠.4.5...⌠... ..≈
≈......~.......... .≈≈
≈≈.....~...........≈≈≈#
≈≈≈≈.............≈≈≈≈ #
≈≈≈≈≈~~.......~~.~≈ ≈#
≈#≈x≈≈≈~.....~~.~≈≈≈~~#
≈~≈≈≈#.....#~≈≈≈≈≈≈≈


You could see a rakshasa, a red devil, a small abomination and 2 white imps.

Vanquished Creatures
  2 adders
  5 orcs (D:3)
  5 endoplasms
  A giant cockroach (D:2)
  4 hobgoblins
  6 kobolds
  2 quokkas (D:2)
  2 ball pythons
  3 bats
  A frilled lizard (D:3)
  5 goblins
  7 rats
43 creatures vanquished.

Notes
Turn   | Place    | Note
-------+----------+-------------------------------------------
     0 | D:1      | tizbic2 the Formicid Hunter began the quest for the Orb.
     0 | D:1      | Reached XP level 1. HP: 16/16 MP: 1/1
    94 | D:1      | Reached XP level 2. HP: 23/23 MP: 2/2
   223 | D:1      | Reached skill level 1 in Armour
   470 | D:2      | Reached XP level 3. HP: 28/28 MP: 3/3
   828 | D:3      | Reached XP level 4. HP: 25/32 MP: 4/4
   899 | D:3      | Noticed Robin
   917 | Abyss:1  | Cast into level 1 of the Abyss (Robin)
   957 | Abyss:1  | Noticed a red devil
   962 | Abyss:1  | Noticed a rakshasa
   967 | Abyss:1  | Noticed a small abomination
   969 | Abyss:1  | Mangled by a red devil

Illustrated notes

Levels and vault maps discovered:
D:1:      psy_arrival_basics, layout_rooms
D:2:      layout_basic
D:3:      layout_loops_cross, lemuel_tele_altar, uniq_robin, uniq_sigmund
Abyss:1:  base:
Temple

Skill      XL: |  1  2 |
---------------+-------+-----
Armour         | 1 |  1.7
Fighting       | |  2.9
Ranged Weapons | |  4.8
Dodging        | |  1.7
Stealth        | |  1.2
Invocations    | |  0.8

Action                     |  1- 3 |  4- 6 || total
---------------------------+-------+-------++-------
   Fire: Shortbow          |    91 |    19 ||   110
Ability: Dig               |     1 |     2 ||     3
    Use: Scroll            |     1 |       ||     1
 Armour: Leather armour    |     2 |       ||     2
         Scale mail        |    17 |    15 ||    32
  Dodge: Dodged            |    39 |    18 ||    57
